 Dungeon Crawl Stone Soup version 0.23.1 (webtiles) character file.

Game seed: 11575654756124898829

23 Borgoz the Grasshopper (level 2, 0/25 HPs)
             Began as a Ghoul Warper on Mar 8, 2019.
             Slain by a jackal (2 damage)
             ... on level 2 of the Dungeon.
             The game lasted 00:01:16 (1020 turns).

Borgoz the Grasshopper (Ghoul Warper)               Turns: 1020, Time: 00:01:17

Health: 0/25       AC:  5    Str: 14    XL:     2   Next: 95%
Magic:  4/4        EV: 11    Int:  8    God:
Gold:   40         SH:  0    Dex:  8    Spells: 5/5 levels left

rFire    . . .     SeeInvis .     - Unarmed
rCold    + . .     Gourm    .   (no shield)
rNeg     + + +     Faith    .   i - +0 ring mail
rPois    ∞         Spirit   .   (no helmet)
rElec    .         Reflect  .   (no cloak)
rCorr    .         Harm     .   (no gloves)
MR       .....                  (no boots)
Stlth    ..........             (no amulet)
HPRegen  0.00/turn              e - ring of wizardry
MPRegen  0.09/turn              (no ring)

@: rotting
A: rotting body, claws 1, carnivore, cold resistance 1, negative energy
resistance 3, inhibited regeneration, torment resistance, unbreathing
a: no special abilities


You were on level 2 of the Dungeon.
You were not hungry.

You visited 1 branch of the dungeon, and saw 2 of its levels.

You collected 40 gold pieces.

Inventory:

Missiles
 a - 7 tomahawks
 d - 5 tomahawks of dispersal (quivered)
Armour
 i - a +0 ring mail (worn)
Jewellery
 e - a ring of wizardry (left claw)
Scrolls
 b - a scroll of remove curse {unknown}
 c - a scroll of blinking
 g - a scroll of teleportation {unknown}
 j - a scroll of identify {unknown}
 k - a scroll of enchant weapon {unknown}
 l - a scroll of magic mapping {unknown}
Comestibles
 f - a ration


   Skills:
 + Level 2.5 Fighting
 - Level 0.8 Throwing
 * Level 1.6 Armour
 + Level 2.0 Dodging
 - Level 2.1 Unarmed Combat
 + Level 2.0 Spellcasting
   Level 2.6 Translocations


You had 5 spell levels left.
You didn't know any spells.
Your spell library contained the following spells:

 Spells                   Type           Power        Failure   Level  Hunger
 Blink                    Tloc           N/A          16%         2    ###....
 Shroud of Golubria       Chrm/Tloc      #.........   26%         2    ###....
 Gell's Gravitas          Tloc           #.........   28%         3    ####...
 Lesser Beckoning         Tloc           #.........   28%         3    ####...
 Teleport Other           Tloc           #.......     28%         3    ####...
 Passage of Golubria      Tloc           N/A          65%         4    #####..


Dungeon Overview and Level Annotations

Branches:
Dungeon (2/15)

Altars:

Annotations:
D:2 Natasha


Innate Abilities, Weirdness & Mutations

Your body is rotting away.
You thrive on raw meat.
You are immune to poison.
You have sharp fingernails.
You are carnivorous and can eat meat at any time.
Your flesh is cold resistant. (rC+)
You are immune to negative energy. (rN+++)
You do not regenerate when monsters are visible.
You are immune to unholy pain and torment.
You can survive without breathing.


Message History

The jackal closely misses you.
Natasha, Servant of Life and Death comes into view.
Natasha hisses angrily.
The jackal misses you.
Natasha stares at you and mumbles some strange words.
The magic dart hits you.
* * * LOW HITPOINT WARNING * * *
You claw Natasha!
Natasha is severely wounded.
The jackal closely misses you. The jackal barely misses you.
Natasha casts a spell at you. The magic dart hits you.
* * * LOW HITPOINT WARNING * * *
The jackal bites you but does no damage.
The jackal misses you.
Okay, then.
Natasha closely misses you.
It was a potion of magic.
Magic courses through your body. The jackal bites you.
You die...

###.....#.....#
#.####
#.......(.....#
#....'
#.........#####
.#..###
#.....(...##
........
......†.....#
.P..#...
............#
#.....
............####
#.....
....(.....g.hh.#
.......
............#@##
..#....
..#.........#+#
....##.
..#..........
.## #.
............ +.
.......##..
....#. .. .....


You could see Natasha, a jackal and a goblin.

Vanquished Creatures
  A dart slug (D:1)
  A giant cockroach (D:1)
  3 goblins
  2 hobgoblins (D:1)
  2 jackals (D:2)
  2 kobolds (D:1)
  3 bats
  4 frilled lizards
  2 rats (D:1)
20 creatures vanquished.

Notes
Turn   | Place    | Note
-------+----------+-------------------------------------------
     0 | D:1      | Borgoz the Ghoul Warper began the quest for the Orb.
     0 | D:1      | Reached XP level 1. HP: 17/17 MP: 2/2
    57 | D:1      | Reached skill level 1 in Armour
   266 | D:1      | Reached XP level 2. HP: 19/25 MP: 3/3
  1016 | D:2      | Noticed Natasha
  1020 | D:2      | Slain by a jackal

Skill      XL: |  1  2 |
---------------+-------+-----
Armour         | 1 |  1.6
Dodging        | 2 |  2.0
Spellcasting   | 2 |  2.0
Fighting       | |  2.5
Throwing       | |  0.8
Unarmed Combat | |  2.1
Translocations | |  2.6

Action                   || total
-------------------------++-------
Melee: Unarmed           ||    75
       Punch             ||     1
  Use: Potion            ||     1
  Eat: Chunk             ||     3
Armor: Leather armour    ||     4
       Ring mail         ||    17
Dodge: Dodged            ||    47
